 Dungeon Crawl Stone Soup version 0.24.0-10-g970556be89 (webtiles) character file.

Game seed: 12860420182128862037, levelgen mode: deterministic

16 Gildeon the Conjurer (level 2, 0/15 HPs)
             Began as a Deep Elf Conjurer on Nov 4, 2019.
             Slain by a hobgoblin
             ... wielding a +0 club
              (4 damage)
             ... on level 1 of the Dungeon.
             The game lasted 00:02:22 (508 turns).

Gildeon the Conjurer (Deep Elf Conjurer)             Turns: 508, Time: 00:02:22

Health: 0/15       AC:  2    Str:  5    XL:     2   Next: 37%
Magic:  1/8        EV: 13    Int: 19    God:
Gold:   30         SH:  0    Dex: 15    Spells: 5/8 levels left

rFire    . . .     SeeInvis .   f - +0 dagger
rCold    . . .     Gourm    .   (no shield)
rNeg     . . .     Faith    .   a - +0 robe
rPois    .         Spirit   .   (no helmet)
rElec    .         Reflect  .   (no cloak)
rCorr    .         Harm     .   (no gloves)
MR       .....                  (no boots)
Stlth    ++........             (no amulet)
HPRegen  0.05/turn              (no ring)
MPRegen  0.11/turn              (no ring)

@: no status effects
A: no striking features
a: no special abilities


You were on level 1 of the Dungeon.
You were not hungry.

You visited 1 branch of the dungeon, and saw 1 of its levels.

You collected 30 gold pieces.

Inventory:

Hand Weapons
 f - a +0 dagger (weapon)
Missiles
 g - 20 sling bullets
 i - a stone (quivered)
Armour
 a - a +0 robe (worn)
Scrolls
 b - a scroll of random uselessness {unknown}
Potions
 e - a potion of curing {unknown}
 h - a potion of heal wounds {unknown}
Comestibles
 c - 2 rations
 d - 5 chunks of flesh


   Skills:
 + Level 2.9 Dodging
 - Level 2.4 Stealth
 + Level 3.5 Spellcasting
 + Level 4.6 Conjurations


You had 5 spell levels left.
You knew the following spells:

 Your Spells              Type           Power        Failure   Level  Hunger
a - Magic Dart            Conj           ###.         2%          1    None
b - Searing Ray           Conj           ###...       3%          2    ##.....

Your spell library contained the following spells:

 Spells                   Type           Power        Failure   Level  Hunger
 Dazzling Spray           Conj/Hex       ##....       17%         3    ###....
 Iskenderun's Mystic Bla  Conj           ###.....     22%         4    ####...
 Force Lance              Conj/Tloc      ##......     50%         4    ####...
 Fulminant Prism          Conj/Hex       ##........   50%         4    ####...


Dungeon Overview and Level Annotations

Branches:
Dungeon (1/15)

Altars:


Message History

You hit the hobgoblin but do no damage. The hobgoblin closely misses you.
Casting: Magic Dart (safe; 2% risk of failure)
Confirm with . or Enter, or press ? or * to list all spells.
Aiming: Magic Dart (safe; 2% risk of failure)
Press: ? - help, Shift-Dir - straight line, f - hobgoblin
Aim: a hobgoblin, wielding a +0 club The magic dart hits the hobgoblin but does no damage.
The hobgoblin barely misses you.
You hit the hobgoblin but do no damage. The hobgoblin barely misses you.
You hit the hobgoblin but do no damage. The hobgoblin barely misses you.
You hit the hobgoblin.
The hobgoblin is lightly wounded.
The hobgoblin hits you with a +0 club.
* * * LOW HITPOINT WARNING * * *
You hit the hobgoblin but do no damage.
The hobgoblin is lightly wounded.
You closely miss the hobgoblin.
The hobgoblin is lightly wounded.
The hobgoblin hits you with a +0 club.
You die...

..............# ####
.............# #... .
.............# #.## ..
##.........# #.## ...
#.........# #'#. ...g
#.........# #†#. .....
#........(# ####'#.
......###.####.## #....+.
.......†g@# #.# #.####.
......########.#####....+.
..... #..........##'#.
.... #.##.###.####)#. ...
#.##..##.####'#. ..
#.##.....#....## .
#.##.......#.###
.###+##......(#.##.
................##.


You could see a hobgoblin.

Vanquished Creatures
  A leopard gecko (D:1)
  2 giant cockroaches (D:1)
  2 hobgoblins (D:1)
  A bat (D:1)
  2 frilled lizards (D:1)
  3 goblins (D:1)
  2 kobolds (D:1)
  2 rats (D:1)
15 creatures vanquished.

Notes
Turn   | Place    | Note
-------+----------+-------------------------------------------
     0 | D:1      | Gildeon the Deep Elf Conjurer began the quest for the Orb.
     0 | D:1      | Reached XP level 1. HP: 10/10 MP: 6/6
   320 | D:1      | Reached XP level 2. HP: 15/15 MP: 4/8
   476 | D:1      | Learned a level 2 spell: Searing Ray
   508 | D:1      | Slain by a hobgoblin

Levels and vault maps discovered:
D:1:      shiori_arrival_oz, layout_basic

Action                   || total
-------------------------++-------
Melee: Dagger            ||    10
 Cast: Magic Dart        ||    32
Armor: Robe              ||     2
Dodge: Dodged            ||    10
